 Dungeon Crawl Stone Soup version 0.20-a0-923-g548304e (webtiles) character file.

8 4thArraOfDagon the Sneak (level 2, -2/13 HPs)
             Began as a Felid Wanderer on Mar 26, 2017.
             Slain by an adder (5 damage)
             ... on level 4 of the Dungeon.
             The game lasted 00:01:19 (242 turns).

4thArraOfDagon the Sneak (Felid Wanderer)            Turns: 242, Time: 00:01:20

Health: -2/13      AC:  1    Str:  5 (7)  XL:     2   Next: 0%
Magic:  3/3        EV: 17    Int: 13 (14) God:
Gold:   7          SH:  0    Dex: 14 (15) Spells: 1/1 levels left
                                        Lives:  0   Deaths: 0

rFire    . . .     SeeInvis +     - Unarmed
rCold    . . .     Gourm    .   (shield unavailable)
rNeg     . . .     Faith    .   (armour unavailable)
rPois    .         Spirit   .   (helmet unavailable)
rElec    .         Reflect  .   (cloak unavailable)
rCorr    .         Harm     .   (gloves unavailable)
MR       .....                  (boots unavailable)
Stlth    +++.......             (no amulet)
Regen    0.1/turn               (no ring)
MPRegen  0.1/turn               (no ring)

@: lethally poisoned (-2 -> -13), quick
A: no armour, no weapons or thrown items, stealth, claws 1, fangs 3, see
invisible, carnivore 3, speed 1, shaggy fur 1, slow metabolism 1, sharp paws
a: no special abilities


You were on level 4 of the Dungeon.
You were not hungry.

You visited 1 branch of the dungeon, and saw 4 of its levels.

You collected 7 gold pieces.

Inventory:

Scrolls
 a - a scroll of blinking
Books
 d - the Volume of Intoxication

   Spells                             Type                      Level
   a - Sting                          Conjuration/Poison           1
   b - Spider Form                    Transmutation/Poison         3
Comestibles
 f - a meat ration
 g - a royal jelly


   Skills:
 - Level 2.0 Fighting
 + Level 2.1 Dodging
 + Level 4.1 Stealth
 * Level 1.4 Unarmed Combat
   Level 2.6 Poison Magic


You had one spell level left.
You didn't know any spells.

Dungeon Overview and Level Annotations

Branches:
Dungeon (4/15)             Temple (0/1) D:4

Altars:


Innate Abilities, Weirdness & Mutations

You cannot wear armour.
You are incapable of wielding weapons or throwing items.
Your paws allow you to move quietly. (Stealth)
You have sharp claws.
You have razor-sharp teeth.
You have supernaturally acute eyesight. (SInv)
You are carnivorous and can eat meat at any time.
You cover ground quickly.
You are covered in fur. (AC +1)
You have a slow metabolism.
Your sharp claws are effective at attacking unaware monsters.


Message History

Unknown command.
It was a potion of degeneration.
There was something very wrong with that liquid.
You feel weakened.
You feel dopey.
You feel clumsy. The adder closely misses you.
You miss the adder. Your bite misses the adder. The adder bites you. x2
You are lethally poisoned!
The adder poisons you!
You miss the adder.
You feel sick. The adder misses you.
You scratch the adder but do no damage. You claw the adder.
The adder is lightly wounded.
You feel sick. The adder bites you.
* * * LOW HITPOINT WARNING * * *
You scratch the adder but do no damage.
The adder is lightly wounded.
The adder misses you. x2
You scratch the adder. Your bite misses the adder.
The adder is moderately wounded.
The adder bites you.
You die...

########
###......#
#..≈≈≈...#
#.≈§§§≈[.#
#§≈§§§§≈.#
#≈§≈@S§§.#
##≈≈≈≈§§§.#
.....≈§§≈≈..####
.##...§§≈..)...#
#.##.##.####.#
.........# #.#
###<####### #S#
. #.# ......#
#.#


You could see an adder.

Vanquished Creatures
  An adder skeleton (D:4)
  A hobgoblin (D:2)
  A kobold (D:2)
  2 goblins
5 creatures vanquished.

Notes
Turn   | Place    | Note
-------+----------+-------------------------------------------
     0 | D:1      | 4thArraOfDagon the Felid Wanderer began the quest for the Orb.
     0 | D:1      | 4thArraOfDagon set off with: a scroll of blinking, a potion of haste, a potion of curing, the Volume of Intoxication, a meat ration
     0 | D:1      | Reached XP level 1. HP: 9/9 MP: 2/2
   216 | D:4      | Reached XP level 2. HP: 13/13 MP: 3/3
   229 | D:4      | Found a staircase to the Ecumenical Temple.
   242 | D:4      | Slain by an adder

Vault maps used:
D:1:      minmay_arrival_jagged, minmay_misc_feat_chi, bh_walls_and_bars
D:2:      old_standard_altar, zin_angel, first_bread
D:3:      minmay_goblin_kobold_castle, marbit_many_paths, lemuel_blue_sif_altar,
          lemuel_round_altar
D:4:      minmay_temple_entry_mist, uniq_robin

Skill      XL: |  1 |
---------------+----+-----
Dodging        | 2 |  2.1
Fighting       | |  2.0
Stealth        | |  4.1
Unarmed Combat | |  1.4
Poison Magic   | |  2.6

Action                   || total
-------------------------++-------
Melee: Unarmed           ||    15
       Punch             ||     1
  Use: Potion            ||     3
       Scroll            ||     1
 Stab: Sleeping          ||     4
Armor: Skin              ||     3
Dodge: Dodged            ||    25
